 Dungeon Crawl Stone Soup version 0.21-a0-264-g3e31e41 (console) character file.

623 removed the Conjurer (level 7, -3/50 HPs)
             Began as a Demigod Conjurer on Sept 8, 2017.
             Slain by Duvessa
             ... wielding a +0 short sword
              (12 damage)
             ... on level 4 of the Dungeon.
             The game lasted 00:07:24 (4463 turns).

removed the Conjurer (Demigod Conjurer)             Turns: 4463, Time: 00:07:25

Health: -3/50      AC:  3    Str: 11    XL:     7   Next: 2%
Magic:  5/16       EV: 12    Int: 23    God:
Gold:   286        SH:  0    Dex: 16    Spells: 10/14 levels left

rFire    . . .     SeeInvis .   a - +0 spear (pierce)
rCold    . . .     Gourm    .   (no shield)
rNeg     . . .     Faith    .   G - +0 robe
rPois    .         Spirit   .   I - +0 helmet
rElec    .         Reflect  .   (no cloak)
rCorr    .         Harm     .   (no gloves)
MR       .....                  (no boots)
Stlth    ++........             (no amulet)
HPRegen  0.16/turn              (no ring)
MPRegen  0.15/turn              (no ring)

@: no status effects
A: high mp 1
a: no special abilities


You were on level 4 of the Dungeon.
You were not hungry.

You visited 1 branch of the dungeon, and saw 4 of its levels.

You collected 286 gold pieces.

Inventory:

Hand Weapons
 a - a +0 spear of piercing (weapon)
 i - a +0 hand axe
 s - a +0 spear
 y - a +0 flail of crushing
Armour
 G - a +0 robe (worn)
 I - a +0 helmet (worn)
Wands
 u - a wand of flame (24/48)
Scrolls
 h - 2 scrolls of remove curse {unknown}
 j - a scroll of blinking {unknown}
 o - 3 scrolls of noise {unknown}
 p - a scroll of amnesia {unknown}
 t - 2 scrolls of magic mapping {unknown}
 w - a scroll of random uselessness {unknown}
 x - 4 scrolls of teleportation {unknown}
 z - a scroll of enchant weapon {unknown}
 A - 3 scrolls of identify {unknown}
 D - a scroll of fog {unknown}
 H - a scroll of immolation {unknown}
Potions
 d - a potion of resistance {unknown}
 g - a potion of ambrosia {unknown}
 k - 2 potions of curing {unknown}
 l - a potion of mutation {unknown}
 n - a potion of brilliance {unknown}
 r - a potion of might {unknown}
 v - 2 potions of cancellation {unknown}
 C - a potion of haste {unknown}
 E - a potion of flight {unknown}
Books
 b - a book of Conjurations

   Spells                             Type                      Level
   a - Magic Dart                     Conjuration                  1
   b - Searing Ray                    Conjuration                  2
   c - Dazzling Spray                 Conjuration/Hexes            3
   d - Fulminant Prism                Conjuration/Hexes            4
   e - Force Lance                    Conjuration/Translocation    4
   f - Iskenderun's Mystic Blast      Conjuration                  4
 B - a book of Cantrips

   Spells                             Type                      Level
   a - Confusing Touch                Hexes                        1
   b - Animate Skeleton               Necromancy                   1
   c - Summon Small Mammal            Summoning                    1
   d - Apportation                    Translocation                1
Comestibles
 c - 4 bread rations
 m - 3 meat rations
 q - 3 royal jellies


   Skills:
 - Level 1.7 Dodging
 - Level 1.7 Stealth
 + Level 4.0 Spellcasting
 - Level 7.0 Conjurations


You had 10 spell levels left.
You knew the following spells:

 Your Spells              Type           Power        Failure   Level  Hunger
a - Magic Dart            Conj           ####         1%          1    None
b - Searing Ray           Conj           #####.       1%          2    #......
A - Apportation           Tloc           #.....       11%         1    None


Dungeon Overview and Level Annotations

Branches:
Dungeon (4/15)
 Temple: D:4-7

Shops:
D:4 !

Annotations:
D:4 Dowan, Duvessa, Eustachio


Innate Abilities, Weirdness & Mutations

You have an increased reservoir of magic. (+10% MP)


Message History

The searing ray hits Duvessa.
Duvessa is severely wounded.
You finish channeling your searing ray.
Duvessa hits you with a short sword.
Casting: Searing Ray
Confirm with . or Enter, or press ? or * to list all spells.
Aiming: Searing Ray
Press: ? - help, Shift-Dir - straight line, f/p - Duvessa
Aim: Duvessa, wielding a short sword and wearing a scale mail (severely wounded)
The searing ray hits Duvessa.
Duvessa is severely wounded. (Press . to maintain the ray.) Duvessa hits you with a short sword!
* * * LOW HITPOINT WARNING * * *
The searing ray misses Duvessa.
Duvessa gestures with her weapon.
Duvessa barely misses you.
The searing ray hits Duvessa.
Duvessa is severely wounded.
Duvessa hits you with a short sword!
You die...

#.#)......##########[#
#..........##.......##
#.#.###.#.....######.#
#...# #.##...).)[)....
###.###.#..)).########
#........)#.#
###.#####.#.## #.#
#....# #@# #..#.# #e#
#....# #.#####)#.##
#.....).#.#
###.#####.# #.# ##.#
#.# #..# #.# #..# #.#
#..#


You could see Duvessa.

Vanquished Creatures
  A phantom (D:4)
  An ogre (D:4)
  A scorpion (D:4)
  2 orc priests (D:4)
  2 hounds (D:4)
  Natasha (thrice) (D:2)
  An iguana (D:4)
  2 worker ants (D:4)
  Robin (D:4)
  A worker ant zombie (D:4)
  3 adders
  3 worms
  2 leopard geckos
  3 orcs
  5 ball pythons
  2 giant cockroaches
  7 hobgoblins
  2 quokkas (D:4)
  10 bats
  5 frilled lizards
  12 goblins
  5 kobolds
  A leopard gecko skeleton (D:3)
  6 rats
81 creatures vanquished.

Notes
Turn   | Place    | Note
-------+----------+-------------------------------------------
     0 | D:1      | removed the Demigod Conjurer began the quest for the Orb.
     0 | D:1      | Reached XP level 1. HP: 14/14 MP: 5/5
   171 | D:1      | Reached skill level 4 in Conjurations
   503 | D:1      | Reached XP level 2. HP: 20/20 MP: 5/7
   516 | D:1      | Learned a level 2 spell: Searing Ray
  1133 | D:2      | Found a snail-covered altar of Cheibriados.
  1152 | D:2      | Noticed Natasha
  1159 | D:2      | Killed Natasha
  1159 | D:2      | Reached XP level 3. HP: 15/26 MP: 0/8
  1378 | D:2      | Reached skill level 5 in Conjurations
  1405 | D:2      | Noticed Natasha
  1413 | D:2      | Killed Natasha
  1413 | D:2      | Reached XP level 4. HP: 23/33 MP: 5/9
  1901 | D:2      | Noticed Natasha
  1909 | D:2      | Killed Natasha
  2926 | D:4      | Reached skill level 6 in Conjurations
  2926 | D:4      | Reached XP level 5. HP: 38/38 MP: 4/10
  3172 | D:4      | Noticed Dowan
  3185 | D:4      | Reached XP level 6. HP: 45/45 MP: 5/11
  3331 | D:4      | Learned a level 1 spell: Apportation
  3501 | D:4      | Reached skill level 7 in Conjurations
  3597 | D:4      | Noticed Eustachio
  4047 | D:4      | Noticed Robin
  4062 | D:4      | Killed Robin
  4062 | D:4      | Reached XP level 7. HP: 49/50 MP: 6/16
  4238 | D:4      | Found Ykiaxoha's Distillery.
  4434 | D:4      | Noticed Duvessa
  4463 | D:4      | Slain by Duvessa

Vault maps used:
D:1:      minmay_arrival_diagonal_passages
D:2:      lemuel_crystal_altar, first_bread, uniq_natasha
D:3:      minivault_24
D:4:      serial_shops, nicolae_shop_trees, uniq_eustachio, uniq_duvessa,
          uniq_robin

Skill      XL: |  1  2  3  4  5  6  7 |
---------------+----------------------+-----
Conjurations   | 4 5 6 7 |  7.0
Spellcasting   | 3 4 |  4.0
Dodging        | |  1.7
Stealth        | |  1.7

Action                   |  1- 3 |  4- 6 |  7- 9 || total
-------------------------+-------+-------+-------++-------
Melee: Spear             |       |     3 |     3 ||     6
       Flail             |       |     4 |       ||     4
 Cast: Magic Dart        |    58 |    91 |    13 ||   162
       Searing Ray       |     1 |    11 |     3 ||    15
  Eat: Chunk             |     2 |    10 |     1 ||    13
Armor: Robe              |     1 |    19 |       ||    20
Dodge: Dodged            |     2 |    49 |     4 ||    55

Table legend:
 A = Spawn XP
 B = Non-spawn XP
 C = Spawn XP percentage of total XP
 D = Spawn monster count
 E = Non-spawn monster count
 F = Spawn count percentage of total count
 G = Total turns spent on level
                    A         B        C        D         E        F      G
               +---------+---------+-------+---------+---------+-------+---------
         Total |       0 |     890 |   0.0 |       0 |      81 |   0.0 |  4463
               +---------+---------+-------+---------+---------+-------+---------
           D:1 |       0 |      27 |   0.0 |       0 |      19 |   0.0 |   866
           D:2 |       0 |     134 |   0.0 |       0 |      16 |   0.0 |  1267
           D:3 |       0 |      55 |   0.0 |       0 |      16 |   0.0 |   866
           D:4 |       0 |     674 |   0.0 |       0 |      30 |   0.0 |  1464
               +---------+---------+-------+---------+---------+-------+---------
